 Dungeon Crawl Stone Soup version 0.30-a0-1155-gf8af5b4991 (console) character file.

Game seed: 11317976631891365660

1609777 Banquo the Acrobat (level 27, 20/20 HPs)
             Began as a Djinni Air Elementalist on Apr 24, 2023.
             Was a High Priest of Ashenzari.
             Escaped with the Orb
             ... and 3 runes on May 1, 2023!
             The game lasted 09:43:36 (81333 turns).

Banquo the Acrobat (Djinni Air Elementalist)       Turns: 81333, Time: 09:43:37

Health: 20/20      AC: 20    Str: 12    XL:     27
Gold:   6701       EV: 28    Int: 32    God:    Ashenzari [*****.] SH: 34 Dex: 18

rFire   + + +        Q - staff of earth "Ogrudgh" {Will+ Int+5}
rCold   + . .        i - +8 tower shield "Ruined Loss" {Fort, Self} (curse)
rNeg    + + +        d - +1 scale mail "Altruism of Ashenzari" {rN++ Regen+ Str+2 Stlth+, Self, Fort} (curse)
rPois   ∞            h - +0 helmet "At What Cost Knowledge?" {rElec rN+ Dex+2, Self, Range} (curse)
rElec   +            e - scarf "Ruined Bitterness" {rC+ rF+, Cun, Self} (curse)
rCorr   +            g - +2 pair of gloves "Thunder Perfect Mind" {Slay+3, Self, Melee} (curse)
SInv    +            (boots unavailable)
Will    ++++.        x - amulet "Circumscribed With Me" {Regen+, Fort, Self} (curse)
Stlth   +            J - ring "Pangnostic Pragmatism" {EV+5, Self, Fort} (curse)
HPRegen 2.63/turn    y - ring of Ashenzari's Sun {rC+ rCorr Str+3, Self, Melee} (curse)
MPRegen 0.00/turn

%: clarity
@: brilliant, flying, studying Axes
A: sickness immunity, fire resistance 2, cold vulnerability 1, float, innate
caster, HP casting, extra vitality 1, deterioration 1, dopey 1, strong-willed 1,
regeneration 1, inability to drink after injury 1, MP-powered wands
0: Orb of Zot
}: 3/15 runes: decaying, silver, gossamer
a: Renounce Religion, Curse Item, Shatter the Chains


You escaped.
You worshipped Ashenzari.
Ashenzari was extremely pleased with you.
You visited 13 branches of the dungeon, and saw 55 of its levels.
You visited 2 bazaars.
You also visited: Gauntlet and Ice Cave.

You collected 13325 gold pieces.
You spent 6624 gold pieces at shops.

Inventory:

Hand Weapons
 a - the +2 falchion of Zousiyl {flame, rF- Will++ rCorr Dex+2}
   (You found it on level 5 of the Lair of Beasts)

   Dex:       It affects your dexterity (+2).
   rF:        It makes you vulnerable to fire.
   rCorr:     It protects you from acid and corrosion.
   Will:      It greatly increases your willpower.
 b - the +2 Maxwell's thermic engine {flame, freeze, rev}
   (You took it off a deep elf knight on level 3 of the Elven Halls)
 t - the +3 Elemental Staff {rElec rF+ rC+ AC+3}
   (You acquired it on level 9 of the Dungeon)

   It enhances your fire, ice, earth and air magic.
   AC:        It affects your AC (+3).
   rF:        It protects you from fire.
   rC:        It protects you from cold.
   rElec:     It insulates you from electricity.
Missiles
 C - a throwing net
Armour
 d - the cursed +1 scale mail "Altruism of Ashenzari" (worn) {rN++ Regen+ Str+2 Stlth+, Self, Fort}
   (You found it in an ice cave)

   Str:       It affects your strength (+2).
   rN:        It greatly protects you from negative energy.
   Regen:     It increases your rate of health regeneration.
   Stlth:     It makes you more stealthy.
   It has a curse which improves the following skills: Introspection: Fighting
   and Spellcasting.
   Fortitude: Armour and Shields.
 e - the cursed scarf "Ruined Bitterness" (worn) {rC+ rF+, Cun, Self}
   (You found it in an ice cave)

   It has a curse which improves the following skills: Cunning: Dodging and
   Stealth.
   Introspection: Fighting and Spellcasting.
 g - the cursed +2 pair of gloves "Thunder Perfect Mind" (worn) {Slay+3, Self, Melee}
   (You bought it in a shop on level 3 of the Vaults)

   Slay:      It affects your accuracy & damage with ranged weapons and melee
   (+3).
   It has a curse which improves the following skills: Introspection: Fighting
   and Spellcasting.
   Melee Combat: Short Blades, Long Blades, Axes, Maces & Flails, Polearms,
   Staves and Unarmed Combat.
 h - the cursed +0 helmet "At What Cost Knowledge?" (worn) {rElec rN+ Dex+2, Self, Range}
   (You took it off Robin on level 2 of the Dungeon)

   Dex:       It affects your dexterity (+2).
   rElec:     It insulates you from electricity.
   rN:        It protects you from negative energy.
   It has a curse which improves the following skills: Introspection: Fighting
   and Spellcasting.
   Ranged Combat: Ranged Weapons and Throwing.
 i - the cursed +8 tower shield "Ruined Loss" (worn) {Fort, Self}
   (You found it on level 1 of the Realm of Zot)

   It has a curse which improves the following skills: Fortitude: Armour and
   Shields.
   Introspection: Fighting and Spellcasting.
Magical Staves
 Q - the staff of earth "Ogrudgh" (weapon) {Will+ Int+5}
   (You found it on level 2 of the Depths)

   [staff of earth]

   Your inability to study Earth Magic prevents you from drawing on the full
   power of this staff in melee.
   Base accuracy: +5 Base damage: 5 Base attack delay: 1.2 This weapon's minimum
   attack delay (0.6) is reached at skill level 12.
   Int:       It affects your intelligence (+5).
   Will:      It increases your willpower.
   It falls into the 'Staves' category.
   It is a one-handed weapon.
 V - the staff of air "Jogom" {rElec rC+ Will+}
   (You found it on level 2 of the Depths)

   [staff of air]

   Your inability to study Air Magic prevents you from drawing on the full power
   of this staff in melee.
   Base accuracy: +5 Base damage: 5 Base attack delay: 1.2 This weapon's minimum
   attack delay (0.6) is reached at skill level 12.
   rC:        It protects you from cold.
   rElec:     It insulates you from electricity.
   Will:      It increases your willpower.
   It falls into the 'Staves' category.
   It is a one-handed weapon.
Jewellery
 x - the cursed amulet "Circumscribed With Me" (around neck) {Regen+, Fort, Self}
   (You found it on level 3 of the Dungeon)

   [amulet of regeneration]

   Regen:     It increases your rate of health regeneration.
   It has a curse which improves the following skills: Fortitude: Armour and
   Shields.
   Introspection: Fighting and Spellcasting.
 y - the cursed ring of Ashenzari's Sun (right hand) {rC+ rCorr Str+3, Self, Melee}
   (You found it in a Gauntlet)

   [ring of protection from cold]

   Str:       It affects your strength (+3).
   rC:        It protects you from cold.
   rCorr:     It protects you from acid and corrosion.
   It has a curse which improves the following skills: Introspection: Fighting
   and Spellcasting.
   Melee Combat: Short Blades, Long Blades, Axes, Maces & Flails, Polearms,
   Staves and Unarmed Combat.
 F - a ring of resist corrosion
 I - the ring "Qesaitaj" {rCorr Int+7 Dex+6}
   (You took it off a green draconian on level 3 of the Realm of Zot)

   [ring of dexterity]

   Int:       It affects your intelligence (+7).
   Dex:       It affects your dexterity (+6).
   rCorr:     It protects you from acid and corrosion.
 J - the cursed ring "Pangnostic Pragmatism" (left hand) {EV+5, Self, Fort}
   (You found it on level 3 of the Swamp)

   [ring of evasion]

   EV:        It affects your evasion (+5).
   It has a curse which improves the following skills: Introspection: Fighting
   and Spellcasting.
   Fortitude: Armour and Shields.
 K - the dreamshard necklace {*Dream Drain}
   (You took it off a black draconian on level 3 of the Realm of Zot)

   [amulet of nothing]

   *Dream:    It shatters if its wearer takes lethal or near-lethal damage,
   preventing the blow and releasing protective dreams that heal and fight for
   the wearer.
   Drain:     It drains your maximum health when unequipped.
Wands
 n - a wand of quicksilver (29)
 w - a wand of paralysis (7)
 D - a wand of digging (10)
 O - a wand of mindburst (34)
 P - a wand of iceblast (79)
 R - a wand of flame (156)
Scrolls
 c - a scroll of acquirement
 k - 40 scrolls of teleportation
 l - 10 scrolls of noise
 m - 5 scrolls of magic mapping
 o - 2 scrolls of enchant armour
 q - 17 scrolls of blinking
 s - 14 scrolls of poison
 v - 11 scrolls of fog
 z - 4 scrolls of summoning
 L - a scroll of enchant weapon
 X - 11 scrolls of fear
Potions
 f - 8 potions of cancellation
 j - 18 potions of mutation
 p - 43 potions of curing
 u - 8 potions of haste
 A - 7 potions of ambrosia
 B - 12 potions of might
 E - 9 potions of invisibility
 G - 8 potions of brilliance
 H - 8 potions of resistance
 M - 16 potions of heal wounds
Miscellaneous
 r - a lightning rod (4/4)
 N - a phantom mirror


   Skills:
 - Level 19.8(27) Fighting
 - Level 19.1(22.0) Long Blades
 * Level 22.0(26.6) Armour
 * Level 24.9(26.7) Dodging
 - Level 1.5(3.0) Stealth
 - Level 22.4(27) Shields
 - Level 20.0(27) Spellcasting


You knew the following spells:

 Your Spells              Type           Power      Damage    Failure   Level
a - Shock                 Conj/Air       100%       1d9       0%          1
b - Conjure Ball Lightni  Conj/Air       72%        3x3d27    0%          6
d - Static Discharge      Conj/Air       100%       2-7/arc   0%          2
f - Freeze                Ice            100%       1d10      0%          1
g - Gell's Gravitas       Tloc           100%       N/A       0%          3
h - Summon Hydra          Summ           72%        N/A       0%          7
i - Iron Shot             Conj/Erth      85%        9d15      0%          6
l - Lee's Rapid Deconstr  Erth           85%        3d38*     0%          5
m - Malign Gateway        Summ/Tloc      72%        N/A       0%          7
s - Shatter               Erth           85%        3d62*     1%          9
z - Airstrike             Air            72%        2d(11-27) 0%          4
B - Blink                 Tloc           100%       N/A       0%          2
F - Cause Fear            Hex            72%        N/A       0%          4
M - Swiftness             Air            100%       N/A       0%          3
N - Necromutation         Tmut/Necr      72%        N/A       1%          8
O - Olgreb's Toxic Radia  Pois           100%       N/A       0%          4
U - Borgnjor's Revivific  Necr           72%        N/A       1%          8
Your spell library was empty.

Dungeon Overview and Level Annotations

Branches:
Dungeon (15/15)            Temple (1/1) D:6            Lair (5/5) D:9
  Swamp (4/4) Lair:3       Spider (4/4) Lair:3        Slime (3/5) Lair:5
    Orc (2/2) D:12            Elf (3/3) Orc:2        Vaults (5/5) D:14
  Crypt (3/3) Vaults:3       Tomb (1/3) Crypt:3      Depths (4/4) D:15
    Zot (5/5) Depths:4      IceCv (visited)         Gauntlet (visited)

Altars:
Ashenzari
Cheibriados
Dithmenos
Elyvilon
Fedhas
Gozag
Hepliaklqana
Makhleb
Nemelex Xobeh
Okawaru
Qazlal
Ru
Trog
Uskayaw
Wu Jian
Xom
Yredelemnul
Zin
The Shining One
Jiyva
Lugonu

Shops:
D:7 !   D:11 (   D:15 *   Orc:2 *(=[   Elf:2 **   Elf:3 [*!*?   Vaults:1 *
Vaults:3 [[   Vaults:5 *   Depths:3 *[:   Depths:4 =::

Portals:
Hell: Depths:1 Depths:2 Depths:3 Depths:4
Abyss: Spider:1 Depths:3
Pandemonium: Depths:2
Ziggurat: Depths:2


Innate Abilities, Weirdness & Mutations

You are immune to sickness and miasma.
You are immune to poison.
Your flesh is very heat resistant. (rF++)
You are vulnerable to cold. (rC-)
You float through the air rather than walking.
You learn spells naturally, not from books.
Your magical power is your life essence.
You have superior vitality. (+4 MHP)
Your body sometimes deteriorates upon taking damage.
You are dopey. (Int -2)
You are strong-willed. (Will+)
Your natural rate of healing is unusually fast.
You occasionally lose the ability to drink potions when taking damage.
You expend health (3 HP) to strengthen your wands.


Message History

Confirm with . or Enter, or press ? or * to list all spells.
The spell is quite dangerous to miscast (1% risk of failure)!
Continue anyway?
You feel a surge of power!
Your body is healed in an amazingly painful way.
Casting: Borgnjor's Revivification (quite dangerous; 1% risk of failure)
Confirm with . or Enter, or press ? or * to list all spells.
The spell is quite dangerous to miscast (1% risk of failure)!
Continue anyway?
You feel a surge of power!
Your body is healed in an amazingly painful way.
Casting: Borgnjor's Revivification (quite dangerous; 1% risk of failure)
Confirm with . or Enter, or press ? or * to list all spells.
The spell is quite dangerous to miscast (1% risk of failure)!
Continue anyway?
You feel a surge of power!
Your body is healed in an amazingly painful way.
Casting: Borgnjor's Revivification (extremely dangerous; 1% risk of failure)
Confirm with . or Enter, or press ? or * to list all spells.
The spell is extremely dangerous to miscast (1% risk of failure)!
Continue anyway?
You feel a surge of power!
Your body is healed in an amazingly painful way.
Casting: Borgnjor's Revivification (extremely dangerous; 1% risk of failure)
Confirm with . or Enter, or press ? or * to list all spells.
The spell is extremely dangerous to miscast (1% risk of failure)!
Continue anyway?
You feel a surge of power!
Your body is healed in an amazingly painful way.
Casting: Borgnjor's Revivification (extremely dangerous; 1% risk of failure)
Confirm with . or Enter, or press ? or * to list all spells.
The spell is extremely dangerous to miscast (1% risk of failure)!
Continue anyway?
You feel a surge of power!
Your body is healed in an amazingly painful way.
Casting: Borgnjor's Revivification (extremely dangerous; 1% risk of failure)
Confirm with . or Enter, or press ? or * to list all spells.
The spell is extremely dangerous to miscast (1% risk of failure)!
Continue anyway?
You feel a surge of power!
Your body is healed in an amazingly painful way.
Casting: Borgnjor's Revivification (extremely dangerous; 1% risk of failure)
Confirm with . or Enter, or press ? or * to list all spells.
You lack the resilience to cast this spell.
Enter note: woot!
Unknown command.
You have escaped!

.....###.####'##########..).#....
.....'...# ### #.........#....
.....##### #.#####........ .....#
#.# #......## .....# #.#
#...)#.## .....# #.## #.......+
.....# ##.# #.####.## ######
#♣♣#♣.# #.# #.## ♣@...♣# #.# #..#
#♣..♣.♣# #.# ##.> #♣♣#♣.#
#.#####.. ##.####........
#.###...##..... #.....#.##.....
#........#..... #.###.#..#.....
#.# #.#..#####'


There were no monsters in sight!

Vanquished Creatures
  Khufu (Crypt:2)
  12 dread liches
  8 ancient liches
  5 orbs of fire
  3 royal mummies
  Parghit (Zot:2)
  Bai Suzhen (Vaults:4)
  Saint Roka (Orc:2)
  4 Killer Klowns
  Margery (Crypt:2)
  2 curse toes
  Nikola (Vaults:1)
  11 golden dragons
  Arachne (Spider:2)
  5 electric golems
  8 liches
  A Hell Sentinel (D:14)
  25 tentacled monstrosities
  A shard shrike skeleton (Crypt:2)
  12 titans
  6 deep elf blademasters
  27 Orb Guardians
  A walking frostbound tome (Depths:3)
  3 deep elf master archers (Elf:3)
  6 quicksilver dragons
  2 Executioners
  2 acid blobs
  12 sphinxes
  7 death cobs
  6 ancient champions
  An eldritch tentacle (Zot:1)
  10 shadow dragons
  17 storm dragons
  A thorn hunter (Swamp:2)
  Kirke (D:11)
  Roxanne (Spider:2)
  6 tengu reavers
  Gastronok (Lair:1)
  6 draconian monks
  2 rockslimes
  3 revenants
  A deep elf sorcerer (Elf:3)
  7 fire giants
  6 draconian knights
  A fenstrider witch (Swamp:4)
  The ghost of confidenceinterval the Marksgargoyle, an adept GrDe of Hepliaklqana (Spider:2)
  6 emperor scorpions
  11 vault wardens
  9 frost giants
  2 iron dragons (Vaults:5)
  3 draconian scorchers
  7 ghost moths
  2 caustic shrike zombies (Crypt:2)
  A balrug (Depths:1)
  2 curse skulls
  5 draconian stormcallers
  3 ghouls
  8 draconian shifters
  6 broodmothers
  A reaper (Crypt:2)
  2 war gargoyles (Vaults:5)
  10 draconian annihilators
  A quicksilver ooze (Slime:1)
  2 deep elf elementalists
  A caustic shrike skeleton (Crypt:2)
  2 orc warlords
  19 ironbound preservers
  11 vampire knights
  12 ironbound thunderhulks
  8 eleionomae
  20 green draconians
  26 very ugly things
  3 deep elf demonologists
  14 stone giants
  Nessos (D:12)
  7 deep elf annihilators
  A minotaur (Gauntlet)
  2 bennus (Tomb:1)
  10 purple draconians
  7 dire elephants
  17 yellow draconians
  17 white draconians
  6 bunyips
  12 spark wasps
  14 black draconians
  10 red draconians
  6 eidola
  A blizzard demon (D:12)
  Snorg (Orc:1)
  A spectral quicksilver dragon (Crypt:3)
  7 deep elf death magi
  8 ettins
  7 fire dragons
  6 great orbs of eyes
  3 mummy priests
  13 yaktaur captains
  Josephine (Orc:2)
  2 spectral spriggans (Crypt:2)
  A spectral iron giant (Crypt:3)
  6 ice dragons
  7 hydras
  2 shambling mangroves (Swamp:4)
  12 entropy weavers
  6 jiangshi
  26 vault guards
  2 deep elf high priests
  A hydra (shapeshifter) (Depths:2)
  A caustic shrike simulacrum (Crypt:3)
  A hell beast (Depths:4)
  A bennu zombie (Crypt:3)
  2 radroaches
  8 ironbound frosthearts
  5 spriggan air magi
  11 boulder beetles
  5 jorogumos
  4 ogre magi (Vaults:5)
  2 spriggan skeletons
  2 hell hogs
  9 centaur warriors
  31 dancing weapons
  A spectral stone giant (Crypt:3)
  2 two-headed ogres (D:10)
  8 alligators
  6 deep troll shamans
  5 death yaks (IceCv)
  2 spectral emperor scorpions
  4 death knights
  4 vampire magi
  9 tengu warriors
  A deep troll earth mage (Depths:1)
  3 orc high priests
  3 spriggan berserkers
  2 spectral dire elephants (Crypt:3)
  A titan zombie (Crypt:1)
  12 hell knights
  Nergalle (D:12)
  2 soul eaters (Crypt:2)
  11 deep elf knights
  2 titan skeletons (Crypt:2)
  A fire crab (Lair:5)
  30 skeletal warriors
  A shadow wraith (Crypt:3)
  6 sun demons
  A salamander mystic (Depths:4)
  7 pharaoh ants
  A storm dragon zombie (Crypt:2)
  A skyshark (Lair:5)
  A golden dragon zombie (Depths:3)
  8 large abominations
  2 bunyip zombies
  A death drake (Swamp:1)
  42 deep trolls
  2 goliath frogs (Swamp:4)
  11 orb spiders
  3 bog bodies
  2 spriggan druids
  5 wizards
  6 swamp dragons
  13 flayed ghosts
  A bunyip skeleton (Crypt:2)
  3 spriggan simulacra
  11 phantasmal warriors
  12 deep elf archers
  Pikel (D:5)
  9 lindwurms
  3 glowing orange brains
  2 fenstrider witch simulacra
  An anaconda skeleton (Crypt:2)
  A spectral hydra (Crypt:2)
  13 ironbound convokers
  12 steelbarb worms
  5 orc sorcerers
  24 deep elf pyromancers
  14 wolf spiders
  A harpy (Vaults:4)
  38 ugly things
  30 deep elf zephyrmancers
  8 orc knights
  A stone giant zombie (Crypt:2)
  2 sphinx skeletons
  An oklob plant (Spider:2)
  5 salamanders
  4 manticores
  7 necromancers
  2 tengu skeletons (Depths:3)
  3 shining eyes
  5 will-o-the-wisps
  A spectral ettin (Crypt:3)
  6 cyclopes
  21 moths of wrath
  A frost giant zombie (Depths:3)
  A spectral centaur (Crypt:3)
  A titan simulacrum (Crypt:2)
  10 demonic crawlers
  An eleionoma skeleton (Crypt:3)
  A frost giant skeleton (Crypt:2)
  An ice statue (IceCv)
  6 black mambas
  5 smoke demons
  16 vault sentinels
  12 elephants
  An eye of devastation (Depths:4)
  2 molten gargoyles (Lair:5)
  A gargoyle (D:12)
  8 torpor snails
  A dire elephant zombie (Crypt:2)
  An orange demon (Depths:3)
  A centaur skeleton (Crypt:2)
  An alligator snapping turtle zombie (Crypt:2)
  4 cane toads
  2 efreet
  An elephant slug zombie (Crypt:2)
  2 hellions
  2 kobold demonologists (D:14)
  10 komodo dragons
  A mana viper zombie (Crypt:3)
  18 yaktaurs
  A tormentor (Zot:1)
  A tengu conjurer (Depths:3)
  2 purple draconian zombies
  4 guardian mummies (Tomb:1)
  An iron giant simulacrum (Crypt:3)
  22 freezing wraiths
  A red devil (Gauntlet)
  A spectral naga (Crypt:2)
  A hellwing (Zot:2)
  A spectral harpy (Crypt:3)
  A troll (shapeshifter) (Elf:2)
  15 polar bears
  19 meliai
  2 bloated husks (Swamp:2)
  7 trolls
  9 tyrant leeches
  5 hornets
  5 dream sheep (Lair:5)
  A tarantella zombie (Crypt:2)
  A hydra skeleton (Tomb:1)
  A death drake skeleton (Crypt:1)
  A fire dragon zombie (Crypt:2)
  A spectral swamp dragon (Crypt:3)
  3 blink frogs (Lair:4)
  A tengu simulacrum (Crypt:2)
  24 tarantellas
  34 jumping spiders
  A dream sheep (shapeshifter) (Elf:1)
  An ettin zombie (Crypt:2)
  5 air elementals
  A stone giant simulacrum (Crypt:3)
  6 flying skulls (Tomb:1)
  38 slime creatures
  An ettin skeleton (Tomb:1)
  20 culicivoras
  A dire elephant simulacrum (Crypt:2)
  4 water elementals
  7 vampires
  A ynoxinul (Gauntlet)
  A spriggan (shapeshifter) (Elf:1)
  An ice dragon skeleton (Crypt:1)
  3 shadows
  11 wyverns
  A spriggan (Swamp:1)
  5 ushabtiu (Tomb:1)
  18 wraiths
  A naga simulacrum (Crypt:1)
  3 fire bats (Elf:2)
  44 yaks
  5 basilisks
  3 steam dragons
  4 fire elementals
  4 golden eyes (Slime:3)
  A hog (D:11)
  A redback (shapeshifter) (D:15)
  71 redbacks
  7 vampire mosquitoes
  8 wargs
  A harpy simulacrum (Crypt:3)
  9 swamp worms
  A hydra simulacrum (Crypt:2)
  5 small abominations (Depths:1)
  A two-headed ogre zombie (Crypt:2)
  6 hell hounds
  11 water moccasins
  A demonspawn skeleton (Crypt:2)
  2 floating eyes
  29 orc warriors
  A sky beast (shapeshifter) (Elf:3)
  2 black bears
  7 swamp drakes
  A fire dragon simulacrum (Crypt:1)
  A snapping turtle zombie (Crypt:3)
  A manticore zombie (Crypt:1)
  6 centaurs
  25 wolves
  3 ogres
  3 kobold brigands (D:9)
  Blork the orc (Orc:2)
  11 bullfrogs
  An earth elemental (Elf:1)
  2 gnoll sergeants (D:6)
  3 scorpions
  6 necrophages
  2 raiju zombies (Crypt:3)
  13 wights
  8 killer bees
  A troll zombie (D:12)
  A troll skeleton (Crypt:2)
  An electric eel (Lair:1)
  5 howler monkeys
  5 crimson imps
  5 lava snakes (Lair:5)
  4 centaur zombies
  6 jellies
  3 gnoll boudas
  26 orc priests
  4 hounds
  3 iron imps (Gauntlet)
  A sleepcap (D:6)
  An iguana (D:7)
  29 orc wizards
  7 hell rats
  A killer bee zombie (D:8)
  3 ogre zombies (D:12)
  8 mummies
  Robin (D:2)
  8 adders
  22 gnolls
  A swamp drake zombie (Crypt:2)
  13 white imps
  A jelly zombie (Crypt:2)
  An adder skeleton (Crypt:1)
  3 dart slugs
  2 worms
  66 orcs
  5 ball pythons
  8 endoplasms
  4 giant cockroaches
  14 goblins
  6 hobgoblins
  2 jackals (D:1)
  29 kobolds
  4 quokkas
  12 bats
  4 frilled lizards
  3 goblin skeletons (D:12)
  3 goblin zombies (D:12)
  A hobgoblin zombie (D:12)
  4 orc skeletons (D:12)
  8 orc zombies (D:12)
  5 rats
  A rat zombie (Crypt:1)
  2 ball lightnings
  A bush (D:8)
  2 lurking horrors (Spider:1)
  2 plants (Depths:3)
2282 creatures vanquished.

Vanquished Creatures (collateral kills)
  A juggernaut (Depths:4)
  A royal mummy (Tomb:1)
  Boris (Crypt:2)
  2 golden dragons
  A lich (Depths:3)
  A tentacled monstrosity (Depths:2)
  A walking divine tome (Depths:2)
  A quicksilver dragon (Depths:4)
  A deep elf blademaster (Elf:3)
  3 acid blobs
  A walking frostbound tome (Depths:3)
  A titan (Depths:2)
  A sphinx (Depths:4)
  2 death cobs (Zot:2)
  5 storm dragons
  A shadow dragon (Crypt:3)
  A rockslime (Slime:3)
  2 revenants (Crypt:3)
  Donald (Swamp:4)
  An azure jelly (Slime:2)
  5 fire giants
  3 frost giants
  2 vault wardens
  A spectral juggernaut (Crypt:3)
  A draconian stormcaller (Zot:5)
  A spectral caustic shrike (Crypt:3)
  A draconian scorcher (Depths:4)
  2 spriggan defenders (Depths:2)
  A ghoul (Crypt:3)
  5 very ugly things
  2 ironbound thunderhulks
  2 ironbound preservers
  9 stone giants
  3 vampire knights
  The ghost of laial the Warmonger, a journeyman VSMo of Okawaru (Orc:1)
  A purple draconian (Zot:5)
  A green draconian (Zot:5)
  A dire elephant (Vaults:4)
  2 yellow draconians (Zot:5)
  A deep elf annihilator (Elf:3)
  3 black draconians
  A bunyip (Swamp:3)
  4 eidola
  2 ettins
  A deep elf death mage (Crypt:2)
  A jiangshi (Crypt:1)
  2 mummy priests (Tomb:1)
  3 yaktaur captains
  2 great orbs of eyes
  A rakshasa (Depths:3)
  4 ice dragons
  12 hydras
  2 centaur warriors (Vaults:3)
  A death knight (Crypt:2)
  A spriggan air mage (Depths:1)
  A dancing weapon (Elf:2)
  An alligator (Swamp:4)
  2 vampire magi
  A boulder beetle (Vaults:3)
  4 deep troll shamans (Depths:3)
  3 spriggan berserkers
  2 deep troll earth magi
  4 spectral storm dragons (Crypt:3)
  2 deep elf knights (Elf:2)
  A sun demon (Depths:1)
  4 hell knights
  2 shadow wraiths (Crypt:3)
  4 skeletal warriors
  A spectral bunyip (Crypt:2)
  2 goliath frogs
  6 flayed ghosts (Crypt:3)
  A spriggan druid (Swamp:3)
  5 swamp dragons (Swamp:4)
  15 deep trolls
  A wizard (Vaults:4)
  A bunyip skeleton (Crypt:2)
  A necromancer (Vaults:3)
  5 phantasmal warriors
  An orc knight (Orc:1)
  12 ugly things
  3 salamanders
  A moth of wrath (Zot:1)
  2 vault sentinels (Vaults:2)
  2 eyes of devastation
  A red draconian zombie (Crypt:3)
  An alligator snapping turtle skeleton (Crypt:2)
  10 yaktaurs
  2 freezing wraiths (Crypt:3)
  A guardian mummy (Tomb:1)
  A spectral harpy (Crypt:3)
  A tengu conjurer (Depths:3)
  3 tyrant leeches
  A hornet (Depths:3)
  4 slime creatures
  A culicivora (Spider:2)
  A spriggan (Depths:3)
  An ushabti (Tomb:1)
  2 wraiths
  2 small abominations (Depths:1)
  A large abomination (Depths:1)
  14 swamp worms
  A glowing shapeshifter zombie (Depths:3)
  A hornet zombie (Crypt:2)
  4 swamp drakes
  A blink frog zombie (Crypt:2)
  A yaktaur skeleton (Crypt:1)
  2 orcs (Orc:1)
  16 ball lightnings
  2 spectral weapons (Vaults:4)
279 creatures vanquished.

Vanquished Creatures (others)
  99 eldritch tentacles
  A very ugly thing (Depths:1)
  A salamander tyrant (Depths:1)
  A fire giant zombie (Crypt:3)
  2 humans (D:12)
  A phantom (D:12)
  4 ogre zombies (D:12)
  A goblin zombie (D:12)
  A hobgoblin skeleton (D:12)
  A hobgoblin zombie (D:12)
  3 orc zombies (D:12)
  333 ball lightnings
  A bush (Lair:5)
  9 foxfires (Swamp:4)
  22 fungi
  77 plants
557 creatures vanquished.

Grand Total: 3118 creatures vanquished

Notes
Turn   | Place    | Note
-------+----------+-------------------------------------------
     0 | D:1      | Banquo the Djinni Air Elementalist began the quest for the
                  | Orb.
     0 | D:1      | Banquo set off with the following spells memorised: Shock,
                  | Static Discharge, Swiftness, Airstrike.
     0 | D:1      | Reached XP level 1. HP: 15/15 MP: 0/0
   108 | D:1      | Reached XP level 2. HP: 8/22 MP: 0/0
   292 | D:1      | Reached skill level 1 in Fighting
   292 | D:1      | Reached XP level 3. HP: 19/27 MP: 0/0
   292 | D:1      | Learned a level 1 spell: Freeze
   779 | D:1      | Reached XP level 4. HP: 30/32 MP: 0/0
  1091 | D:2      | Identified the +0 helmet of Depression {rElec rN+ Dex+2}
  1091 | D:2      | Noticed Robin
  1253 | D:2      | Found a faded altar of an unknown god.
  1327 | D:2      | Found an opulent altar of Gozag.
  2022 | D:3      | Reached XP level 5. HP: 34/38 MP: 0/0
  2022 | D:3      | Learned a level 2 spell: Blink
  2541 | D:3      | Reached XP level 6. HP: 40/43 MP: 0/0
  3037 | D:4      | Reached skill level 3 in Dodging
  3438 | D:4      | Reached XP level 7. HP: 45/49 MP: 0/0
  3438 | D:4      | Learned a level 3 spell: Gell's Gravitas
  3580 | D:5      | Entered Level 5 of the Dungeon
  3671 | D:5      | Reached skill level 5 in Spellcasting
  3891 | D:5      | Reached skill level 1 in Armour
  3913 | D:5      | Noticed Pikel
  4314 | D:5      | Killed Pikel
  4315 | D:5      | Reached skill level 4 in Dodging
  4315 | D:5      | Reached XP level 8. HP: 41/56 MP: 0/0
  4905 | D:2      | Killed Robin
  4974 | D:2      | Found an opulent altar of Gozag.
  5621 | D:5      | Reached XP level 9. HP: 40/62 MP: 0/0
  5621 | D:5      | Learned a level 4 spell: Olgreb's Toxic Radiance
  6064 | D:6      | Found a staircase to the Ecumenical Temple.
  6070 | Temple   | Entered the Ecumenical Temple
  6231 | Temple   | Became a worshipper of Ashenzari the Shackled
  6545 | D:6      | Reached skill level 5 in Dodging
  6762 | D:7      | Reached skill level 1 in Shields
  6969 | D:7      | Found Zaatohen's Distillery.
  7105 | D:6      | Reached skill level 5 in Fighting
  7105 | D:6      | Reached XP level 10. HP: 33/70 MP: 0/0
  7457 | D:6      | Found a staircase to the Ecumenical Temple.
  8508 | D:8      | Identified the +0 scale mail "Ming" {Slay+3}
  8633 | D:8      | Reached * piety under Ashenzari
  8702 | D:8      | Found a blossoming altar of Fedhas.
  9125 | D:8      | Reached skill level 6 in Dodging
  9882 | D:9      | Reached ** piety under Ashenzari
  9889 | D:9      | Found a staircase to the Lair.
  9892 | D:9      | Reached XP level 11. HP: 70/76 MP: 0/0
  9892 | D:9      | Learned a level 4 spell: Cause Fear
 10416 | D:9      | Found a glowing golden altar of the Shining One.
 10760 | D:10     | Entered Level 10 of the Dungeon
 10799 | D:10     | Noticed a two-headed ogre
 10862 | D:10     | Killed a two-headed ogre
 10863 | D:10     | Reached skill level 7 in Dodging
 10925 | D:10     | Reached skill level 10 in Spellcasting
 11011 | D:10     | Noticed a two-headed ogre
 11014 | D:10     | Killed a two-headed ogre
 11039 | D:10     | Identified the +3 leather armour of Kikubaaqudgha {rCorr}
 11112 | D:10     | Reached skill level 5 in Shields
 11338 | Lair:1   | Entered Level 1 of the Lair of Beasts
 11459 | Lair:1   | Noticed Gastronok
 11699 | Lair:1   | Noticed a boulder beetle
 11831 | Lair:1   | Killed a boulder beetle
 12043 | Lair:2   | Noticed an elephant
 12048 | Lair:2   | Noticed an elephant
 12064 | Lair:2   | Noticed an elephant
 12078 | Lair:2   | Noticed an elephant
 12080 | Lair:2   | Killed an elephant
 12081 | Lair:2   | Noticed an elephant
 12135 | Lair:1   | Killed Gastronok
 12136 | Lair:1   | Reached XP level 12. HP: 63/85 MP: 0/0
 12142 | Lair:1   | Reached skill level 8 in Dodging
 12910 | Lair:2   | Noticed a boulder beetle
 12916 | Lair:2   | Killed a boulder beetle
 14010 | Lair:3   | Noticed a pharaoh ant
 14014 | Lair:3   | Killed a pharaoh ant
 14039 | Lair:3   | Found a hole to the Spider Nest.
 14287 | Lair:3   | Reached XP level 13. HP: 83/92 MP: 0/0
 14287 | Lair:3   | Learned a level 5 spell: Lee's Rapid Deconstruction
 14287 | Lair:3   | Reached *** piety under Ashenzari
 14556 | Lair:3   | Found a staircase to the Swamp.
 15072 | Lair:4   | Identified the +1 helmet of Enormous Joy {Dex+2 Stlth+}
 15325 | Lair:4   | Reached skill level 9 in Dodging
 16613 | Lair:5   | Entered Level 5 of the Lair of Beasts
 16751 | Lair:5   | Noticed a seven-headed hydra
 16823 | Lair:5   | Killed a seven-headed hydra
 16890 | Lair:5   | Found a viscous altar of Jiyva.
 16897 | Lair:5   | Found a staircase to the Slime Pits.
 17178 | Lair:5   | Found a frozen archway.
 17230 | IceCv    | Entered an ice cave
 17262 | IceCv    | Reached XP level 14. HP: 97/103 MP: 0/0
 17608 | IceCv    | Identified the +1 scale mail of Fun {rN++ Regen+ Str+2
                  | Stlth+}
 17703 | IceCv    | Noticed a frost giant
 17743 | IceCv    | Killed a frost giant
 18036 | IceCv    | Reached skill level 5 in Armour
 18843 | Lair:5   | Identified the +2 falchion of Zousiyl {flame, rF- Will++
                  | rCorr Dex+2}
 19443 | Lair:5   | Found a large runed translucent door.
 19444 | Lair:5   | Found a large runed translucent door.
 20497 | D:11     | Found a gate leading to a gauntlet.
 20506 | Gauntlet | Entered a Gauntlet
 20506 | Gauntlet | Found a transporter.
 20509 | Gauntlet | Found a transporter.
 20509 | Gauntlet | Identified the +7 lajatang of the Bedazzling Gods {heavy,
                  | rC++ Str-5 Dex+5}
 20511 | Gauntlet | Found a transporter.
 20527 | Gauntlet | Found a transporter.
 20529 | Gauntlet | Found a transporter.
 20540 | Gauntlet | Identified the +1 hat of the Crypt {Dex+4}
 20543 | Gauntlet | Found a transporter.
 20555 | Gauntlet | Identified the Compendium of the Helpful Summer
 20556 | Gauntlet | Found a transporter.
 20560 | Gauntlet | Found a transporter.
 20578 | Gauntlet | Identified the ring of Zomuhixu {rC- rN+ AC+4 Str+6}
 20580 | Gauntlet | Found a transporter.
 20584 | Gauntlet | Found a transporter.
 20592 | Gauntlet | Found a runed translucent door.
 20594 | Gauntlet | Found a transporter.
 20596 | Gauntlet | Found a transporter.
 20596 | Gauntlet | Found a runed translucent door.
 20628 | Gauntlet | Found a runed translucent door.
 20628 | Gauntlet | Identified the ring of Viaj {rC+ rCorr Str+3}
 20629 | Gauntlet | Found a transporter.
 20630 | Gauntlet | Found a runed translucent door.
 20633 | Gauntlet | Found a transporter.
 20789 | Gauntlet | Noticed a minotaur
 20794 | Gauntlet | Identified the +4 mace of Uwkiop {protect, Stlth+}
 20807 | Gauntlet | Killed a minotaur
 20808 | Gauntlet | Reached skill level 1 in Long Blades
 20866 | D:11     | Found a white marble altar of Elyvilon.
 21336 | D:11     | Found Nulo's Weapon Shop.
 21493 | D:11     | Found a white marble altar of Elyvilon.
 21612 | D:11     | Found Nulo's Weapon Shop.
 22197 | D:12     | Reached skill level 10 in Fighting
 22197 | D:12     | Reached XP level 15. HP: 103/112 MP: 0/0
 22197 | D:12     | Learned a level 6 spell: Conjure Ball Lightning
 22303 | D:12     | Noticed Kirke
 22369 | D:10     | Identified the cursed +2 pair of gloves "Chagrin of
                  | Ashenzari" {Fort, Range} (You found it on level 6 of the
                  | Dungeon)
 22369 | D:10     | Identified the cursed ring of Supernal Understanding {Fly,
                  | Cun, Evo} (You found it on level 6 of the Dungeon)
 22424 | D:11     | Killed Kirke
 22485 | D:12     | Noticed Nergalle
 22501 | D:12     | Killed Nergalle
 22675 | D:12     | Found a staircase to the Orcish Mines.
 22885 | D:12     | Noticed Nessos
 22890 | D:12     | Killed Nessos
 22891 | D:12     | Reached skill level 15 in Spellcasting
 22966 | Orc:1    | Entered Level 1 of the Orcish Mines
 22980 | Orc:1    | Noticed Snorg
 22991 | Orc:1    | Killed Snorg
 23204 | Orc:2    | Entered Level 2 of the Orcish Mines
 23545 | Orc:1    | Found a runed translucent gate.
 23546 | Orc:1    | Found a runed translucent gate.
 23546 | Orc:1    | Identified the +5 chain mail of Twilight {rElec rC+}
 23546 | Orc:1    | Noticed an orc warlord
 23547 | Orc:1    | Found a runed translucent gate.
 23566 | Orc:1    | Noticed laial's ghost (journeyman VSMo)
 23572 | Orc:1    | Identified the +3 hand axe "Imyr" {spect, rPois rN+}
 23721 | Orc:2    | Found a staircase to the Elven Halls.
 23859 | Orc:2    | Noticed Blork the orc
 23863 | Orc:2    | Killed Blork the orc
 24048 | Orc:2    | Noticed Saint Roka
 24061 | Orc:2    | Killed Saint Roka
 24076 | Orc:2    | Noticed Josephine
 24083 | Orc:2    | Killed Josephine
 24222 | Orc:2    | Found Dainamae's Antique Armour Shoppe.
 24230 | Orc:2    | Bought a shadowed robe for 159 gold pieces
 24230 | Orc:2    | Identified the +0 robe of Love and Death {-Cast rPois rC+++
                  | Str+3} (You bought it in a shop on level 2 of the Orcish
                  | Mines)
 24244 | Orc:2    | Found Iptaceyti's Jewellery Shoppe.
 24424 | Orc:2    | Found Moraefer's General Store.
 24439 | Orc:2    | Found Lemamior's Antique Weapon Shoppe.
 24759 | D:12     | Found a staircase to the Orcish Mines.
 25919 | D:13     | Reached XP level 16. HP: 109/122 MP: 0/0
 26247 | D:14     | Found a gate to the Vaults.
 26313 | D:13     | Reached **** piety under Ashenzari
 26821 | D:15     | Entered Level 15 of the Dungeon
 26960 | D:14     | Found a gate to the Vaults.
 27415 | D:15     | Reached ***** piety under Ashenzari
 27436 | D:15     | Reached skill level 10 in Shields
 27561 | D:15     | Found a shadowy altar of Dithmenos.
 27659 | D:15     | Found Keih's Blood Bar.
 27919 | D:15     | Found a staircase to the Depths.
 28166 | D:15     | Found a shadowy altar of Dithmenos.
 28252 | D:15     | Found Keih's Blood Bar.
 28371 | D:15     | Found a staircase to the Depths.
 28648 | Spider:1 | Entered Level 1 of the Spider Nest
 28736 | Spider:1 | Reached skill level 5 in Long Blades
 29166 | Spider:1 | Reached skill level 10 in Dodging
 29448 | Spider:1 | Found a one-way gate to the infinite horrors of the Abyss.
 29451 | Spider:1 | Found a corrupted altar of Lugonu.
 29700 | Spider:1 | Reached XP level 17. HP: 113/134 MP: 0/0
 29700 | Spider:1 | Learned a level 6 spell: Iron Shot
 30974 | Spider:2 | Identified Roxanne's Vademecum on Transformation
 30974 | Spider:2 | Noticed Roxanne
 30981 | Spider:2 | Killed Roxanne
 31007 | Spider:2 | Found a transporter.
 31008 | Spider:2 | Found a transporter.
 31015 | Spider:2 | Noticed confidenceinterval's ghost (adept GrDe)
 31036 | Spider:2 | Noticed Arachne
 32251 | Spider:3 | Reached XP level 18. HP: 137/140 MP: 0/0
 33192 | Spider:4 | Entered Level 4 of the Spider Nest
 34250 | Spider:4 | Got a gossamer rune of Zot
 34254 | Spider:4 | Identified the +0 hat of Follow the Leader {Will- Dex+3
                  | Stlth+}
 35321 | Elf:1    | Entered Level 1 of the Elven Halls
 35621 | Elf:1    | You are sucked into a shaft and drop 1 floor!
 35669 | Elf:1    | Found a huge runed translucent gate.
 35669 | Elf:1    | Found a huge runed translucent gate.
 35669 | Elf:1    | Found a huge runed translucent gate.
 35669 | Elf:1    | Found a huge runed translucent gate.
 35669 | Elf:1    | Found a huge runed translucent gate.
 35669 | Elf:1    | Found a huge runed translucent gate.
 35669 | Elf:1    | Found a huge runed translucent gate.
 35669 | Elf:1    | Found a huge runed translucent gate.
 35669 | Elf:1    | Noticed a deep elf blademaster
 35752 | Elf:1    | Noticed a deep elf blademaster
 36612 | Elf:2    | Identified a scroll of acquirement
 36620 | Elf:2    | Reached XP level 19. HP: 139/148 MP: 0/0
 36620 | Elf:2    | Learned a level 7 spell: Summon Hydra
 36674 | Elf:2    | Found Ritacuf's General Store.
 36737 | Elf:2    | Found Taelacre's Elven Fire.
 36964 | Elf:2    | Found a runed translucent gate.
 36964 | Elf:2    | Found a runed translucent gate.
 36966 | Elf:2    | Found a runed translucent gate.
 37806 | Elf:3    | Entered Level 3 of the Elven Halls
 37837 | Elf:3    | Found Abirriyn's Assorted Antiques.
 37960 | Elf:3    | Found Ocrowk's Magic Scroll Shop.
 37976 | Elf:3    | Found Leschoit's General Store.
 37981 | Elf:3    | Found Uliba's Distillery.
 37995 | Elf:3    | Found Firehu's Antique Armour Emporium.
 38420 | Elf:3    | Noticed a deep elf blademaster
 38430 | Elf:3    | Killed a deep elf blademaster
 38433 | Elf:3    | Noticed a deep elf blademaster
 38440 | Elf:3    | Killed a deep elf blademaster
 38494 | Elf:3    | Identified the +7 war axe "Wixos" {freeze, rPois rF+}
 38499 | Elf:3    | Noticed a deep elf blademaster
 38507 | Elf:3    | Killed a deep elf blademaster
 38605 | Elf:3    | Identified the +5 shortbow of the Shallot {freeze, Stlth+}
 38985 | Elf:3    | Noticed a deep elf blademaster
 38986 | Elf:3    | Noticed a deep elf blademaster
 38989 | Elf:3    | Killed a deep elf blademaster
 38989 | Elf:3    | Killed a deep elf blademaster
 39011 | Elf:3    | Identified the +3 rapier of Ylexavea {heavy, Int+3}
 39012 | Elf:3    | Identified the +6 long sword "Qesoqeywo" {spect, Will+ MP+9
                  | Int+2 Dex+3}
 39020 | Elf:3    | Identified the +6 falchion "Tuleotuy" {freeze, rElec rF+}
 39069 | Elf:3    | Identified the staff of cold "Dyefak" {rC+ rCorr Str+3}
 39666 | Elf:3    | Found Leschoit's General Store.
 39669 | Elf:3    | Found Uliba's Distillery.
 39692 | Elf:3    | Found Firehu's Antique Armour Emporium.
 39793 | Elf:3    | Found Abirriyn's Assorted Antiques.
 39860 | Elf:3    | Found Ocrowk's Magic Scroll Shop.
 40178 | Swamp:1  | Entered Level 1 of the Swamp
 40270 | Swamp:1  | Reached XP level 20. HP: 115/162 MP: 0/0
 40746 | Swamp:2  | Identified Kikubaaqudgha's Spellbook of the Albatross
 41756 | Swamp:3  | Reached skill level 11 in Dodging
 41793 | Swamp:3  | Reached skill level 10 in Armour
 42048 | Swamp:4  | Entered Level 4 of the Swamp
 42103 | Swamp:4  | Noticed Donald
 42832 | Swamp:4  | Killed Donald
 43444 | Swamp:4  | Identified the staff of earth "Voxux" {+Blink rPois Str+3}
 43490 | Swamp:4  | Got a decaying rune of Zot
 44427 | Vaults:1 | Entered Level 1 of the Vaults
 44497 | Vaults:1 | Noticed Nikola
 44503 | Vaults:1 | Killed Nikola
 44718 | Vaults:1 | Found Nacuh's Assorted Antiques.
 44745 | Vaults:1 | Reached XP level 21. HP: 140/169 MP: 0/0
 44745 | Vaults:1 | Learned a level 7 spell: Malign Gateway
 45084 | Vaults:1 | Reached skill level 15 in Fighting
 45084 | Vaults:1 | Reached skill level 12 in Dodging
 46178 | Vaults:1 | Found Nacuh's Assorted Antiques.
 47119 | Vaults:2 | Found a flickering gateway to a bazaar.
 47139 | Bazaar   | Entered a bazaar
 47160 | Bazaar   | Found Biteclade's Assorted Antiques.
 47160 | Bazaar   | Found Loal's Antique Weapon Emporium.
 47182 | Bazaar   | Found Saopexye's Armour Emporium.
 47198 | Bazaar   | Found Pysch's Book Emporium.
 47258 | Bazaar   | Bought a potion of haste for 210 gold pieces
 47258 | Bazaar   | Bought a potion of heal wounds for 105 gold pieces
 47258 | Bazaar   | Bought a scroll of summoning for 199 gold pieces
 47258 | Bazaar   | Bought a potion of cancellation for 168 gold pieces
 47258 | Bazaar   | Bought a potion of ambrosia for 168 gold pieces
 49131 | Vaults:3 | Reached XP level 22. HP: 174/191 MP: 0/0
 49142 | Vaults:3 | Reached skill level 13 in Dodging
 49521 | Vaults:3 | Found a staircase to the Crypt.
 49573 | Vaults:3 | Found Zien Wis's Armour Shop.
 49588 | Vaults:3 | Found Nenwadul's Armour Emporium.
 49743 | Vaults:3 | Identified the +5 mace "Qukuraf" {heavy, +Blink}
 50855 | Vaults:3 | Found a staircase to the Crypt.
 51053 | Vaults:3 | Found Nenwadul's Armour Emporium.
 51054 | Vaults:3 | Found Zien Wis's Armour Shop.
 51449 | Vaults:4 | Reached skill level 14 in Dodging
 52172 | Vaults:3 | Bought the +2 pair of gloves "Liulorye" {Slay+3} for 579
                  | gold pieces
 53428 | Orc:1    | Killed laial's ghost
 54244 | Elf:2    | Reached XP level 23. HP: 196/199 MP: 0/0
 54244 | Elf:2    | Learned a level 8 spell: Necromutation
 54878 | Depths:1 | Entered Level 1 of the Depths
 55045 | Depths:1 | Reached skill level 15 in Shields
 55097 | Depths:1 | Reached skill level 15 in Dodging
 55123 | Depths:1 | Found a flickering gateway to a bazaar.
 55131 | Bazaar   | Entered a bazaar
 55131 | Bazaar   | Found Viw Ahidagu's Jewellery Boutique.
 55131 | Bazaar   | Found Kaipnint's Jewellery Boutique.
 55153 | Bazaar   | Found Naonkepp's Magic Scroll Boutique.
 55202 | Bazaar   | Found Neshriak's Antique Armour Shop.
 55259 | Bazaar   | Bought a scroll of teleportation for 36 gold pieces
 55259 | Bazaar   | Bought a scroll of enchant weapon for 90 gold pieces
 55259 | Bazaar   | Bought a scroll of fear for 48 gold pieces
 55259 | Bazaar   | Bought a scroll of summoning for 114 gold pieces
 55259 | Bazaar   | Bought a scroll of enchant armour for 90 gold pieces
 55276 | Bazaar   | Bought the ring "Simophio" {rElec MP-9 Str+6 Int+9} for 450
                  | gold pieces
 55762 | Depths:1 | Found a gateway to Hell.
 56032 | Depths:2 | Found a one-way gate leading to the halls of Pandemonium.
 56247 | Depths:2 | Found a one-way gateway to a ziggurat.
 56390 | Depths:2 | Noticed a golden dragon
 56666 | Depths:2 | Killed a golden dragon
 56946 | Depths:2 | Identified the ring of Zovviaxut {rN+ Will- rCorr EV+5
                  | Slay+2}
 56946 | Depths:2 | Identified the Quarto of Virulence
 56947 | Depths:2 | Identified the Papyrus of the Shapeshifter and Fever
 56947 | Depths:2 | Identified the staff of earth "Ogrudgh" {Will+ Int+5}
 56951 | Depths:2 | Found the +8 frozen axe "Frostbite" {freeze, freezing
                  | cloud, *Noise Fly rC+}
 57024 | Depths:2 | Identified the +4 broad axe "Eviscerator" {drain, rElec
                  | Str+5 Dex+3 Stlth-}
 57035 | Depths:2 | Identified the staff of air "Jogom" {rElec rC+ Will+}
 57224 | Depths:2 | Identified the +5 plate armour of Etso {Drain rC+ Regen+
                  | Dex+2}
 57865 | Depths:3 | Reached XP level 24. HP: 196/208 MP: 0/0
 58177 | Depths:3 | Found a corrupted altar of Lugonu.
 58323 | Depths:3 | Found Ovoreeff's Assorted Antiques.
 58325 | Depths:3 | Found Viuzourr's Armour Shop.
 58328 | Depths:3 | Found Aden's Book Boutique.
 58719 | Depths:3 | Noticed a golden dragon
 58726 | Depths:3 | Killed a golden dragon
 59288 | Depths:4 | Entered Level 4 of the Depths
 59335 | Depths:4 | Reached skill level 16 in Dodging
 59403 | Depths:4 | Noticed a juggernaut
 59410 | Depths:4 | Killed a juggernaut
 59597 | Depths:4 | Noticed a golden dragon
 59603 | Depths:4 | Killed a golden dragon
 59677 | Depths:4 | Noticed a golden dragon
 59680 | Depths:4 | Killed a golden dragon
 59942 | Depths:4 | Noticed a golden dragon
 59948 | Depths:4 | Killed a golden dragon
 59949 | Depths:4 | Reached skill level 15 in Armour
 60282 | Depths:4 | Found Pufiz's Book Boutique.
 60285 | Depths:4 | Found Wiyj's Jewellery Emporium.
 60287 | Depths:4 | Found Doqehiac's Book Boutique.
 60320 | Depths:4 | Found a gate to the Realm of Zot.
 60340 | Depths:4 | Reached XP level 25. HP: 188/214 MP: 0/0
 60340 | Depths:4 | Learned a level 8 spell: Borgnjor's Revivification
 60721 | D:9      | Acquired 788 gold pieces
 60723 | D:9      | Acquired a manual of Shields
 60725 | D:9      | Acquired a manual of Dodging
 60937 | Spider:2 | Killed confidenceinterval's ghost
 60939 | Spider:2 | Killed Arachne
 61350 | Crypt:1  | Entered Level 1 of the Crypt
 61380 | Vaults:3 | Reached skill level 17 in Dodging
 62328 | Crypt:2  | Noticed a royal mummy
 62330 | Crypt:2  | Noticed a royal mummy
 62331 | Crypt:2  | Noticed Khufu
 62335 | Crypt:2  | Killed a royal mummy
 62909 | Crypt:2  | Reached skill level 18 in Dodging
 62995 | Crypt:2  | Killed Khufu
 63084 | Crypt:2  | Killed a royal mummy
 63092 | Crypt:2  | Noticed Margery
 63100 | Crypt:2  | Killed Margery
 63242 | Crypt:2  | Noticed Boris
 63255 | Crypt:2  | Killed Boris
 63369 | Crypt:2  | Reached skill level 19 in Dodging
 63391 | Crypt:2  | Reached XP level 26. HP: 158/221 MP: 0/0
 63451 | Crypt:2  | Identified Plog's Vellum of Unholy Ceremonies
 63656 | Crypt:2  | Reached skill level 20 in Dodging
 63827 | Crypt:3  | Entered Level 3 of the Crypt
 63827 | Crypt:3  | Found a staircase to the Tomb.
 63897 | Crypt:3  | Acquired the +3 Elemental Staff {rElec rF+ rC+ AC+3}
 63897 | Crypt:3  | Found the +3 Elemental Staff {rElec rF+ rC+ AC+3}
 64270 | Crypt:3  | Reached skill level 21 in Dodging
 64583 | Crypt:3  | Identified the staff of conjuration "Larry" {rElec rN+}
 64593 | Crypt:3  | Reached skill level 10 in Long Blades
 65009 | Crypt:3  | Identified the Enchiridion on Shadows
 65821 | Crypt:3  | Found a staircase to the Tomb.
 66539 | Tomb:1   | Entered Level 1 of the Tomb of the Ancients
 66902 | Tomb:1   | Noticed a royal mummy
 66935 | Tomb:1   | Killed a royal mummy
 67226 | Tomb:1   | Noticed a royal mummy
 67234 | Tomb:1   | Killed a royal mummy
 67915 | Slime:1  | Entered Level 1 of the Pits of Slime
 68316 | Slime:3  | Reached XP level 27. HP: 119/214 MP: 0/0
 68316 | Slime:3  | Learned a level 9 spell: Shatter
 68715 | Vaults:5 | Entered Level 5 of the Vaults
 68840 | Vaults:5 | Noticed Bai Suzhen
 68891 | Vaults:4 | Killed Bai Suzhen
 69128 | Vaults:5 | Noticed a dread lich
 69132 | Vaults:5 | Killed a dread lich
 69299 | Vaults:5 | Noticed an ancient lich
 69305 | Vaults:5 | Killed an ancient lich
 69707 | Vaults:5 | Identified the +3 shortbow of Kismet {heavy, rF++}
 70045 | Vaults:5 | Identified Sif Muna's Grimoire of the Vile Sun
 70479 | Vaults:5 | Identified the +2 shortbow "Lesec" {heavy, rElec Str+4
                  | Int-2}
 70486 | Vaults:5 | Got a silver rune of Zot
 70526 | Vaults:5 | Identified the amulet of Ignis's Supremacy {Acrobat Harm
                  | MP+9 Str+3}
 70559 | Vaults:5 | Identified the staff of conjuration "Nosoqoang" {Will-
                  | Int+6}
 70561 | Vaults:5 | Identified the amulet of Itieveca {Reflect rN+ Str-4 Int+4
                  | SH+5}
 70584 | Vaults:5 | Identified the Compendium of Subjectivity
 70715 | Vaults:5 | Found Ywuosk's General Store.
 71176 | D:7      | Bought a potion of curing for 45 gold pieces
 71176 | D:7      | Bought a potion of curing for 45 gold pieces
 71176 | D:7      | Bought a potion of brilliance for 60 gold pieces
 71176 | D:7      | Bought a potion of invisibility for 120 gold pieces
 71176 | D:7      | Bought a potion of curing for 45 gold pieces
 71349 | Orc:2    | Bought a scroll of blinking for 82 gold pieces
 71349 | Orc:2    | Bought a potion of heal wounds for 55 gold pieces
 71349 | Orc:2    | Bought a potion of invisibility for 88 gold pieces
 71349 | Orc:2    | Bought a potion of curing for 33 gold pieces
 71418 | Elf:2    | Bought 2 scrolls of blinking for 210 gold pieces
 71418 | Elf:2    | Bought a potion of mutation for 112 gold pieces
 71464 | Elf:3    | Bought a potion of invisibility for 120 gold pieces
 71464 | Elf:3    | Bought 2 potions of resistance for 300 gold pieces
 71471 | Elf:3    | Bought 2 potions of mutation for 208 gold pieces
 71471 | Elf:3    | Bought a potion of mutation for 104 gold pieces
 71471 | Elf:3    | Bought a potion of curing for 39 gold pieces
 71471 | Elf:3    | Bought a potion of mutation for 104 gold pieces
 71471 | Elf:3    | Bought a potion of haste for 130 gold pieces
 71471 | Elf:3    | Bought a potion of heal wounds for 65 gold pieces
 71492 | Elf:3    | Bought a scroll of teleportation for 39 gold pieces
 71492 | Elf:3    | Bought a scroll of fear for 52 gold pieces
 71492 | Elf:3    | Bought a scroll of blinking for 97 gold pieces
 71492 | Elf:3    | Bought a scroll of teleportation for 39 gold pieces
 71492 | Elf:3    | Bought a scroll of teleportation for 39 gold pieces
 71516 | Elf:3    | Bought a scroll of fog for 172 gold pieces
 71516 | Elf:3    | Bought a scroll of noise for 43 gold pieces
 71546 | Elf:3    | Bought a masterwork plate armour for 616 gold pieces
 71546 | Elf:3    | Identified the +5 plate armour "Kycrullo" {rF++ SInv} (You
                  | bought it in a shop on level 3 of the Elven Halls)
 71738 | Vaults:1 | Bought a scroll of teleportation for 120 gold pieces
 71738 | Vaults:1 | Bought 2 potions of curing for 240 gold pieces
 71738 | Vaults:1 | Bought a potion of cancellation for 320 gold pieces
 71893 | Vaults:5 | Bought a scroll of fear for 60 gold pieces
 72128 | Depths:3 | Bought a scroll of fear for 116 gold pieces
 72128 | Depths:3 | Bought a potion of haste for 290 gold pieces
 72524 | Zot:1    | Entered Level 1 of the Realm of Zot
 72799 | Zot:1    | Noticed a dread lich
 72804 | Zot:1    | Killed a dread lich
 72811 | Zot:1    | Noticed a dread lich
 72812 | Zot:1    | Killed a dread lich
 72812 | Zot:1    | Noticed a dread lich
 72816 | Zot:1    | Noticed a dread lich
 72818 | Zot:1    | Killed a dread lich
 72821 | Zot:1    | Killed a dread lich
 72821 | Zot:1    | Noticed a dread lich
 72824 | Zot:1    | Killed a dread lich
 72825 | Zot:1    | Reached skill level 15 in Long Blades
 73070 | Zot:1    | Identified Sif Muna's Volume of the Mausoleum
 74863 | Zot:2    | Noticed Parghit
 74884 | Zot:2    | Killed Parghit
 75394 | Zot:3    | Identified the +0 pair of boots of Lucwihoc {Str+2}
 75501 | Zot:3    | Noticed an orb of fire
 75501 | Zot:3    | Gained mutation: You are frail. (-10% HP) [an orb of fire]
 75501 | Zot:3    | Gained mutation: Your body sometimes deteriorates upon
                  | taking damage. [an orb of fire]
 75507 | Zot:3    | Gained mutation: You are weak. (Str -2) [an orb of fire]
 75512 | Zot:2    | Killed an orb of fire
 75513 | Zot:2    | Lost mutation: You are frail. (-10% HP) [potion of
                  | mutation]
 75513 | Zot:2    | Lost mutation: You are weak. (Str -2) [potion of mutation]
 75513 | Zot:2    | Gained mutation: You are strong-willed. (Will+) [potion of
                  | mutation]
 75513 | Zot:2    | Gained mutation: You expend health (3 HP) to strengthen
                  | your wands. [potion of mutation]
 75513 | Zot:2    | Gained mutation: Your natural rate of healing is unusually
                  | fast. [potion of mutation]
 75691 | Zot:3    | Noticed a Killer Klown
 75693 | Zot:3    | Killed a Killer Klown
 75904 | Zot:3    | Identified the ring "Qesaitaj" {rCorr Int+7 Dex+6}
 76026 | Zot:3    | Found a transporter.
 76028 | Zot:3    | Found a transporter.
 77103 | Zot:3    | Identified the +1 sling of the Blushing Fool {antimagic,
                  | Dex+3 Stlth+}
 77716 | Zot:4    | Reached skill level 22 in Dodging
 78995 | Zot:5    | Entered Level 5 of the Realm of Zot
 79096 | Zot:5    | Noticed an orb of fire
 79100 | Zot:5    | Gained mutation: You occasionally lose the ability to drink
                  | potions when taking damage. [an orb of fire]
 79102 | Zot:5    | Killed an orb of fire
 79522 | Zot:5    | Noticed a dread lich
 79526 | Zot:5    | Killed a dread lich
 79527 | Zot:5    | Reached skill level 23 in Dodging
 79663 | Zot:5    | Noticed an ancient lich
 79665 | Zot:5    | Killed an ancient lich
 79666 | Zot:5    | Noticed an orb of fire
 79672 | Zot:5    | Killed an orb of fire
 79674 | Zot:5    | Noticed a dread lich
 79676 | Zot:5    | Killed a dread lich
 79699 | Zot:5    | Noticed an ancient lich
 79703 | Zot:5    | Killed an ancient lich
 79706 | Zot:5    | Noticed a dread lich
 79708 | Zot:5    | Killed a dread lich
 79713 | Zot:5    | Noticed a Killer Klown
 79713 | Zot:5    | Noticed an ancient lich
 79714 | Zot:5    | Noticed a Killer Klown
 79715 | Zot:5    | Killed an ancient lich
 79715 | Zot:5    | Killed a Killer Klown
 79716 | Zot:5    | Killed a Killer Klown
 79719 | Zot:5    | Noticed an ancient lich
 79722 | Zot:5    | Noticed an orb of fire
 79724 | Zot:5    | Killed an ancient lich
 79724 | Zot:5    | Gained mutation: You are dopey. (Int -2) [an orb of fire]
 79775 | Zot:5    | Killed an orb of fire
 79779 | Zot:5    | Noticed a dread lich
 79782 | Zot:5    | Killed a dread lich
 79805 | Zot:5    | Noticed a dread lich
 79809 | Zot:5    | Killed a dread lich
 79813 | Zot:5    | Noticed an ancient lich
 79818 | Zot:5    | Killed an ancient lich
 79824 | Zot:5    | Noticed an orb of fire
 79830 | Zot:5    | Killed an orb of fire
 79834 | Zot:5    | Reached skill level 24 in Dodging
 79928 | Zot:5    | Noticed a dread lich
 79931 | Zot:5    | Killed a dread lich
 80070 | Zot:5    | Noticed a Killer Klown
 80072 | Zot:5    | Killed a Killer Klown
 80074 | Zot:5    | Noticed an ancient lich
 80080 | Zot:5    | Killed an ancient lich
 80365 | Zot:5    | Noticed an ancient lich
 80367 | Zot:5    | Killed an ancient lich
 80880 | Zot:5    | Got the Orb of Zot
 80961 | Zot:1    | Noticed Nulotaitt the pandemonium lord
 81304 | D:1      | Woot!
 81332 | D:1      | woot!
 81333 | D:$      | Escaped with the Orb!

Illustrated notes

.....###.####'##########..).#....
.....'...# ### #.........#....
.....##### #.#####........ .....#
#.# #......## .....# #.#
#...)#.## .....# #.## #.......+
.....# ##.# #.####.## ######
#♣♣#♣2# #.# #.## ♣@...♣# #.# #..#
#♣..♣.♣# #.# ##.> #♣♣#♣.#
#.#####.. ##.####........
#.###...##..... #.....#.##.....
#........#..... #.###.#..#.....
#.# #.#..#####'


Turn 81304 on D:1: Woot! .....###.####'##########..).#.... .....'...# ###
#.........#.... .....##### #.#####........ .....# #.# #......## .....# #.#
#...)#.## .....# #.## #.......+ .....# ##.# #.####.## ###### #♣♣#♣.# #.# #.##
♣@...♣# #.# #..# #♣..♣.♣# #.# ##.> #♣♣#♣.# #.#####.. ##.####........
#.###...##..... #.....#.##..... #........#..... #.###.#..#..... #.# #.#..#####'
Turn 81332 on D:1: woot!

Levels and vault maps discovered:
D:1:      pf_arrival_petrified_forest, layout_basic, minmay_tetromino_l4
D:2:      layout_loops_ring, dilly_ecumenical_altar_fadedgnrine, basic_altar,
          uniq_robin
D:3:      layout_basic
D:4:      layout_loops_cross
D:5:      layout_basic, kennysheep_nondescript, minmay_misc_feat_rows,
          minmay_misc_feat_columns, uniq_pikel
D:6:      layout_gridville, temple_green, minmay_fire_ice_demons
D:7:      layout_basic, serial_shops, kennysheep_mini
D:8:      black_bear_nest_2, layout_loops_corners, fedhas_altar_decomposition
D:9:      layout_basic, general_overflow_altar, nicolae_vehumet_radiance,
          erik_lair_orcish_takeover
D:10:     layout_rooms
D:11:     layout_basic, gauntlet_entry_generic, serial_shops,
          kennysheep_mini_moat, elyvilon_altar_4
D:12:     layout_roguey, zombieorc2_lemuel, uniq_kirke, uniq_nergalle,
          uniq_nessos
D:13:     layout_roguey, serial_rivers, chequers_serial_rivers_micro_c,
          chequers_serial_rivers_room_b, chequers_serial_rivers_large_a,
          chequers_serial_rivers_room_b, chequers_serial_rivers_micro_b,
          chequers_serial_rivers_micro_b
D:14:     layout_small_grid, david_vaults_2, infiniplex_staircase_pool_1
D:15:     gammafunk_enter_depths_forms, layout_cave_pools,
          nicolae_dithmenos_through_a_glass_darkly, guppyfry_shop_blood
Temple:   nicolae_temple_bog_church
Lair:1:   layout_roguey, serial_bayou_shore_a, infiniplex_staircase_pool,
          lemuel_fruit_tree, grunt_megastairs_5, uniq_gastronok
Lair:2:   layout_loops_ring, serial_bayou_shore_b
Lair:3:   layout_gridlike, minmay_swamp_entry_worms,
          nicolae_spider_entry_lesser_pyramids
Lair:4:   layout_regular_city
Lair:5:   cheibrodos_lair_end_hotspot, layout_misc_corridors,
          nicolae_slime_entry_field_trip, portal_ice_cave_entry_imps,
          minivault_25
Swamp:1:  layout_falls_marsh, evilmike_swamp_ruin_house_3
Swamp:2:  layout_basic_swamp, nicolae_swamp_trees_clearing
Swamp:3:  layout_basic_swamp, nicolae_swamp_well_well_well
Swamp:4:  swamp, layout_basic_swamp, swamp_pool1, worms_lemuel, uniq_donald
Spider:1: layout_cave_pods, amcnicky_altar_lugonu_corruption
Spider:2: layout_cave_pods, nzn_ghost_randoct, uniq_roxanne
Spider:3: nicolae_spider_brood_tunnel
Spider:4: hellmonk_spider_rune_bug_friends, spiders_nest_the_unseen
Slime:1:  layout_caves
Slime:2:  layout_caves
Slime:3:  layout_caves
Orc:1:    layout_caves, biasface_ghost_orc_armoury, library_closet, uniq_snorg
Orc:2:    grunt_orc_cross, layout_caves, uniq_josephine
Elf:1:    minmay_elf_arrival_circle, layout_loops_ring,
          hangedman_corner_corridor, nicolae_elf_double_double_double_trouble
Elf:2:    nicolae_elf_blades_splatter_lattice [mumra_blade_entry_dagger],
          layout_onion_city, serial_shops, nicolae_shop_crystal,
          guppyfry_elf_lava
Elf:3:    minmay_elf_hall, layout_rooms, serial_shops, shop, shop, shop,
          nicolae_lakefront_shop, nicolae_shop_advertising_works
          [nicolae_subvault_shop_adworks]
Vaults:1: nicolae_vaults_alarming, nicolae_vaults_closet_pinwheel_1,
          nicolae_vaults_hallways_thing, v_misc_33, nicolae_vaults_trapezoid_3,
          nicolae_vaults_trapezoid_2, nicolae_vaults_surprise_closet_hard,
          nicolae_vaults_more_shelving_1, nicolae_vaults_trapezoid_lopsided_4,
          layout_vaults_omnigrid, serial_shops, nicolae_shop_behind_doors,
          uniq_nikola
Vaults:2: nicolae_vaults_trapezoid_4, grunt_vaults_hallway_long,
          nicolae_vaults_swerve, nicolae_vaults_network_square,
          vaults_dpeg_ring, nicolae_vaults_trapezoid_lopsided_3, v_misc_22,
          v_alt_pattern_2, nicolae_vaults_wine_cellar, v_misc_18,
          vaults_mumra_hex, vaults_room_hangedman_quadrants,
          nicolae_vaults_house_2, layout_vaults_omnibox, serial_shops,
          bzr_entry_gold
Vaults:3: minmay_crypt_entry_simple_statues, nicolae_vaults_spaceships,
          nicolae_vaults_inception_scallops, vaults_mumra_chevron,
          ontoclasm_vaults_tryst, v_misc_11, nicolae_vaults_storage_closets_3,
          grunt_vaults_twisty, dpeg_vaults_monster_box, nicolae_vaults_cochlea,
          vaults_dpeg_encased_lava, nicolae_vaults_diamond_2, v_misc_18,
          nicolae_vaults_variable_pillar_hall, layout_vaults_maze, serial_shops,
          nicolae_shop_window_shopping, shop
Vaults:4: nicolae_vaults_shipping_containers_1, hangedman_vaults_nodes,
          nicolae_vaults_trapezoid_1, v_misc_9,
          nicolae_vaults_closet_pinwheel_3, nicolae_vaults_storage_closets_2,
          nicolae_vaults_layer_cake_slice, v_misc_9, hangedman_vaults_cutoff,
          layout_vaults_omnicross
Vaults:5: serial_shops, uniq_bai_suzhen
Crypt:1:  layout_basic, uniq_saint_roka
Crypt:2:  layout_rooms, special_room [special_room_morgue],
          nicolae_crypt_knee_deep_in_the_dead, grunt_megastairs_2, uniq_margery,
          uniq_boris, uniq_khufu
Crypt:3:  due_elkab, layout_chaotic_city
Tomb:1
Depths:1: layout_cave_pools, nrook_mini_vaults, serial_shops, bzr_entry_islet,
          hellmouth_1, drop_trap, hangedman_glass_teeth, laboratory
Depths:2: little_maze_vault, layout_cave_pools, enter_ziggurat_b,
          rand_demon_pan_entry_8, hell_entry
Depths:3: nicolae_aperiodic_l_corner, layout_gridlike, nicolae_lava_and_water,
          grunt_hell_entry_dis_grunt, abyss_entry_flame_altar, minmay_shop_star
Depths:4: evilmike_zot_entry_diamond, layout_twisted_cross,
          serial_sigils_hangedman_carve, nicolae_hell_entry_hellmouth_sunbeams,
          grunt_decor_mini_mirrors, minmay_shop_grove
Zot:1:    hellmonk_paralyzer, layout_cathedral_of_symmetry, grunt_megastairs_3
Zot:2:    kennysheep_oblong_rooms, layout_gridlike, uniq_parghit
Zot:3:    gammafunk_the_bubble [the_bubble_gammafunk_split],
          layout_twisted_circle, hangedman_zot_spectrum
Zot:4:    minmay_elemental_castle, layout_gridville, st_small_dragon_hoard_4
Zot:5:    layout_cathedral_of_symmetry

Skill      XL: |  1  2  3  4  5  6  7  8  9 10 11 12 13 14 15 16 17 18 19 20 21 22 23 24 25 26 27 |
---------------+----------------------------------------------------------------------------------+-----
Fighting       | 1 2 3 5 7 9 10 11 12 14 18 19 | 19.8
Spellcasting   | 3 4 6 8 9 11 12 13 14 15 16 17 18 19 20 | 20.0
Dodging        | 3 4 5 6 7 8 9 10 11 12 14 15 16 19 21 24 | 24.9
Armour         | 2 4 5 6 8 9 10 12 13 15 22 | 22.0
Shields        | 1 3 5 6 7 8 9 10 11 12 13 16 17 21 22 | 22.4
Long Blades    | 1 3 5 6 7 9 12 19 | 19.1
Stealth        | |  1.5

Action                     |  1- 3 |  4- 6 |  7- 9 | 10-12 | 13-15 | 16-18 | 19-21 | 22-24 | 25-27 || total
---------------------------+-------+-------+-------+-------+-------+-------+-------+-------+-------++-------
  Melee: Staff             |       |       |       |    16 |       |       |       |       |       ||    16
         Unarmed           |       |       |       |       |    12 |       |       |       |       ||    12
   Cast: Shock             |    69 |   148 |    88 |    25 |     7 |       |     4 |     8 |       ||   349
         Freeze            |       |     6 |     2 |       |       |       |       |       |       ||     8
         Airstrike         |       |       |    63 |   213 |   200 |   178 |   115 |   117 |   167 ||  1053
         Swiftness         |       |       |     2 |     4 |     1 |       |       |       |       ||     7
         Olgreb's Toxic Ra |       |       |    12 |    65 |   118 |    67 |    18 |     8 |       ||   288
         Static Discharge  |       |       |     5 |    11 |    14 |     6 |       |       |       ||    36
         Blink             |       |       |       |     1 |     3 |       |     1 |       |       ||     5
         Lee's Rapid Decon |       |       |       |       |   303 |   239 |   222 |   314 |   403 ||  1481
         Cause Fear        |       |       |       |       |     2 |       |       |       |       ||     2
         Conjure Ball Ligh |       |       |       |       |     8 |    64 |    10 |     5 |    59 ||   146
         Iron Shot         |       |       |       |       |       |    25 |   204 |   117 |   255 ||   601
         Summon Hydra      |       |       |       |       |       |       |   139 |    66 |    41 ||   246
         Malign Gateway    |       |       |       |       |       |       |    10 |    49 |    42 ||   101
         Necromutation     |       |       |       |       |       |       |       |       |     6 ||     6
         Borgnjor's Revivi |       |       |       |       |       |       |       |       |    48 ||    48
         Shatter           |       |       |       |       |       |       |       |       |   330 ||   330
 Invoke: Curse Item        |       |       |       |     3 |     4 |     2 |     3 |     1 |     1 ||    14
         Shatter the Chain |       |       |       |       |     2 |     2 |       |     1 |     1 ||     6
  Evoke: Wand              |       |       |       |       |     9 |       |       |       |     2 ||    11
    Use: Scroll            |       |       |     6 |     1 |       |       |     1 |       |    21 ||    29
         Potion            |       |       |       |       |     1 |       |       |       |     8 ||     9
 Armour: Robe              |     3 |     6 |     5 |       |       |       |       |       |       ||    14
         Leather armour    |       |       |     3 |    22 |    27 |       |       |       |       ||    52
         Scale mail        |       |       |       |       |    12 |    29 |    22 |    16 |    38 ||   117
  Dodge: Dodged            |     7 |     6 |    25 |    56 |    81 |    31 |    45 |    68 |   176 ||   495
  Block: Kite shield       |       |       |       |       |    85 |    61 |    68 |    76 |   128 ||   418
         Tower shield      |       |       |       |       |       |       |       |       |    52 ||    52

Table legend: (Time is in decaauts)
 A = Elapsed time spent in this place.
 B = Non-inter-level travel time spent in this place.
 C = Inter-level travel time spent in this place.
 D = Time resting spent in this place.
 E = Time spent auto-exploring this place.
 F = Levels seen in this place.
 G = Mean time per level.
                   A        B        C        D        E       F      G
               +--------+--------+--------+--------+--------+-----+--------+
         Total |  81599 |  67007 |  14592 |  10751 |  33089 |  59 | 1383.0 |
       Dungeon |  21418 |  15756 |   5662 |   1890 |   9184 |  15 | 1427.9 |
        Temple |    166 |    150 |     16 |      0 |    135 |   1 |  166.0 |
          Lair |   8119 |   6458 |   1661 |    805 |   3795 |   5 | 1623.8 |
         Swamp |   3999 |   3704 |    295 |    964 |   1857 |   4 |  999.8 |
   Spider Nest |   6829 |   6068 |    761 |   1353 |   2918 |   4 | 1707.2 |
    Slime Pits |    415 |    381 |     34 |     71 |    197 |   3 |  138.3 |
  Orcish Mines |   2173 |   1628 |    545 |    164 |    668 |   2 | 1086.5 |
   Elven Halls |   5342 |   4515 |    827 |    719 |   2230 |   3 | 1780.7 |
        Vaults |  11448 |   9217 |   2231 |   1471 |   5160 |   5 | 2289.6 |
         Crypt |   4470 |   3876 |    594 |    405 |   1476 |   3 | 1490.0 |
          Tomb |   1049 |    962 |     87 |    211 |      0 |   1 | 1049.0 |
        Depths |   5845 |   4861 |    984 |    523 |   1781 |   4 | 1461.2 |
           Zot |   8134 |   7243 |    891 |   1905 |   2918 |   5 | 1626.8 |
        Bazaar |    316 |    316 |      0 |      0 |    160 |   2 |  158.0 |
      Ice Cave |   1532 |   1532 |      0 |    241 |    610 |   1 | 1532.0 |
      Gauntlet |    337 |    337 |      0 |     27 |      0 |   1 |  337.0 |
               +--------+--------+--------+--------+--------+-----+--------+

Top non-repeatable levels by time:
Vaults:3: 3197 daAuts
Vaults:1: 2606 daAuts
     D:9: 2518 daAuts
 Crypt:3: 2261 daAuts
   Elf:3: 2240 daAuts
  Lair:2: 2121 daAuts
 Swamp:4: 2076 daAuts
Vaults:2: 2030 daAuts
Spider:2: 2022 daAuts
    D:12: 1884 daAuts
Vaults:5: 1865 daAuts
Depths:3: 1819 daAuts
Spider:4: 1813 daAuts
   Zot:4: 1791 daAuts
  Lair:4: 1789 daAuts
